Map: 이페머론 - 래더

Players

Has

  • Race: Protoss Protoss
  • Spawn Location: 11:00

PartinG - Winner!

  • Race: Protoss Protoss
  • Spawn Location: 5:00

Event: IEM Katowice 2020

VOD

Have the link to the VOD?

Description

Time

  • Played on: Feb. 27, 2020, 7:17 a.m.
  • Length: 7:22

All games in this series

Show
View Real Time Build Order
Export as new Build Order

Has Protoss 

Build Orders:  

Get SALT Encoding   

  12  0:00  Probe  
  13  0:12  Probe  
  14  0:17  Pylon  
  14  0:25  Probe (Chrono Boost)  
  15  0:37  Probe (Chrono Boost), Gateway  
  16  0:45  Probe (Chrono Boost)  
  16  0:46  Assimilator  
  17  0:51  Probe  
  17  0:55  Assimilator  
  18  1:03  Probe (Chrono Boost)  
  19  1:08  Gateway  
  19  1:13  Probe (Chrono Boost)  
  19  1:18  Probe (Chrono Boost)  
  20  1:24  Cybernetics Core  
  21  1:31  Pylon  
  21  1:34  Probe  
  22  1:46  Probe  
  23  2:00  Stalker x2  
  28  2:01  Warp Gate  
  28  2:06  Pylon  
  27  2:08  Probe  
  28  2:20  Pylon  
  28  2:39  Stalker  
  28  2:40  Robotics Facility  
  31  2:51  Sentry  
  31  2:57  Nexus  
  31  3:03  Pylon  
  31  3:07  Probe  
  33  3:24  Immortal (Chrono Boost)  
  36  3:35  Robotics Bay  
  36  3:38  Probe  
  37  3:55  Pylon, Warp Prism (Chrono Boost)  
  38  4:02  Sentry  
  41  4:06  Probe  
  41  4:09  Probe  
  43  4:22  Gateway  
  43  4:23  Disruptor (Chrono Boost)  
  46  4:33  Adept  
  46  4:37  Sentry  
  50  4:54  Adept  
  50  5:12  Disruptor (Chrono Boost)  
  48  5:20  Adept x2  
  55  5:22  Adept  
  55  5:27  Gateway  
  57  5:46  Probe  
  57  5:47  Adept x3  
  61  6:09  Adept x2  
  65  6:16  Probe x2  
  51  6:43  Stalker x3  
  51  6:45  Disruptor (Chrono Boost)  
  42  6:56  Probe  
  42  6:57  Probe  
  44  7:01  Stalker  
  48  7:16  Pylon  
Show
View Real Time Build Order
Export as new Build Order

PartinG Protoss - Winner!

Build Orders: Phoenix Opening 

Get SALT Encoding   

  12  0:00  Probe  
  13  0:12  Probe  
  14  0:17  Pylon  
  14  0:24  Probe (Chrono Boost)  
  15  0:37  Probe (Chrono Boost), Gateway  
  16  0:44  Probe (Chrono Boost)  
  16  0:47  Assimilator  
  17  0:51  Probe  
  17  0:55  Assimilator  
  18  1:03  Probe (Chrono Boost)  
  19  1:08  Gateway  
  19  1:12  Probe (Chrono Boost)  
  19  1:17  Probe (Chrono Boost)  
  20  1:25  Cybernetics Core  
  21  1:29  Probe  
  22  1:35  Pylon  
  22  1:41  Probe  
  23  1:54  Probe  
  23  2:00  Warp Gate (Chrono Boost)  
  24  2:02  Stalker x2  
  24  2:08  Pylon  
  28  2:32  Sentry  
  28  2:33  Sentry  
  31  2:42  Nexus  
  31  2:52  Probe, Robotics Facility  
  32  3:02  Pylon  
  32  3:04  Probe  
  33  3:06  Phoenix  
  33  3:09  Pylon  
  33  3:20  Shield Battery  
  33  3:24  Probe  
  34  3:40  Sentry, Warp Prism (Chrono Boost), Stalker  
  40  3:48  Probe  
  41  3:58  Probe  
  41  4:00  Probe  
  43  4:04  Sentry  
  45  4:11  Immortal (Chrono Boost)  
  45  4:16  Probe  
  50  4:20  Probe  
  50  4:23  Stalker  
  53  4:30  Stalker  
  55  4:33  Probe  
  55  4:35  Probe  
  57  4:42  Observer (Chrono Boost)  
  57  4:44  Pylon  
  58  4:46  Pylon  
  58  4:48  Probe x2  
  60  4:54  Assimilator  
  60  5:13  Probe x2  
  58  5:15  Stargate  
  58  5:16  Gateway  
  58  5:17  Gateway  
  58  5:21  Stalker x2  
  62  5:29  Probe x2, Shield Battery  
  62  5:44  Observer  
  62  5:45  Stalker x2  
  66  5:50  Probe x2  
  66  5:52  Immortal (Chrono Boost)  
  72  5:58  Phoenix (Chrono Boost)  
  74  6:07  Shield Battery  
  74  6:08  Shield Battery  
  74  6:10  Sentry  
  74  6:11  Pylon  
  72  6:33  Phoenix (Chrono Boost)  
  72  6:36  Stalker x2  
  76  6:44  Stalker  
  70  6:49  Stalker  
  70  6:53  Gateway  
  68  6:57  Probe x2  
  68  6:58  Phoenix (Chrono Boost), Pylon  
  68  6:59  Assimilator  
  68  7:00  Pylon  
  72  7:04  Shield Battery  
  72  7:09  Zealot x3  

Tags
 
Add a new tag
Caveats
  • Supply blocks, unpowered buildings, or Contaminate may cause inaccurate times.
  • Supply counts are checked every 10 seconds.